 Dungeon Crawl Stone Soup version 0.14-a0-663-gfc8c466 (webtiles) character file.

1383 PolkaDot the Ruinous (level 8, -8/50 HPs)
             Began as a Vampire Wizard on Nov 6, 2013.
             Shot with an arrow by a centaur (17 damage)
             ... on Level 5 of the Dungeon.
             The game lasted 00:22:44 (4992 turns).

PolkaDot the Ruinous (Vampire Wizard)               Turns: 4992, Time: 00:22:45

HP  -8/50        AC  2     Str  6      XL: 8   Next: 27%
MP  16/27        EV 12     Int 21      God:
Gold 121         SH  0     Dex 13      Spells:  3 memorised,  6 levels left

Res.Fire  : . . .   See Invis. : +   q - +0,+2 orc dagger (vamp)
Res.Cold  : . . .   Warding    : .   a - +0 robe
Life Prot.: . . .   Conserve   : .   (no shield)
Res.Poison: .       Res.Corr.  : .   b - +0 wizard hat
Res.Elec. : .       Clarity    : .   (no cloak)
Sust.Abil.: . .     Spirit.Shd : .   (no gloves)
Res.Mut.  : .       Stasis     : .   (no boots)
Res.Rott. : .       Flight     : .   n - amulet of rage
Saprovore : . . .                    (no ring)
                                     x - ring of magical power

@: regenerating quickly, somewhat resistant to hostile enchantments, stealthy
A: bottle blood, fangs 3, see invisible, unbreathing
a: Bottle Blood, Evoke Berserk Rage


You were on level 5 of the Dungeon.
You were full.

You visited 1 branch of the dungeon, and saw 5 of its levels.
You also visited: Sewer.

You collected 121 gold pieces.

Inventory:

Hand weapons
 q - a +0,+2 orcish vampiric dagger (weapon)
Armour
 a - a +0 robe (worn)
 b - a +0 wizard hat (worn)
Magical devices
 t - a wand of polymorph (20) {unknown}
Scrolls
 d - 5 scrolls of fear
 e - 3 scrolls of enchant weapon II {unknown}
 f - 2 scrolls of blinking {unknown}
 k - a scroll of magic mapping {unknown}
 l - 4 scrolls of teleportation
 m - 4 scrolls of amnesia {unknown}
 o - a scroll of curse armour {unknown}
 r - 2 scrolls of enchant weapon I {unknown}
 s - a scroll of curse jewellery {unknown}
 u - 2 scrolls of identify {unknown}
 v - 4 scrolls of recharging {unknown}
 w - a scroll of curse weapon {unknown}
 y - a scroll of fog {unknown}
 C - a scroll of remove curse {unknown}
Jewellery
 n - an amulet of rage (around neck)
 x - a ring of magical power (left hand)
Potions
 g - a potion of heal wounds
 h - 2 potions of restore abilities
 i - 2 potions of curing
 j - 2 potions of magic
 p - 2 potions of brilliance
 z - a potion of paralysis {unknown}
 A - 7 potions of blood
 B - 2 potions of poison {unknown}
Books
 c - a book of Minor Magic

   Spells                             Type                      Level
   *Magic Dart                        Conjuration                  1
   Blink                              Translocation                2
   Call Imp                           Summoning                    2
   Repel Missiles                     Charms/Air                   2
   Slow                               Hexes                        2
   *Conjure Flame                     Conjuration/Fire             3
   *Mephitic Cloud                    Conjuration/Poison/Air       3


   Skills:
 + Level 5.2 Short Blades
 - Level 2.1 Dodging
 - Level 3.0 Stealth
 - Level 3.0 Spellcasting
 * Level 6.6 Conjurations
   Level 1.0 Summonings
   Level 0.7 Translocations


You had 6 spell levels left.
You knew the following spells:

 Your Spells              Type           Power        Failure   Level  Hunger
a - Magic Dart            Conj           ####         1%          1    None
d - Mephitic Cloud        Conj/Pois/Air  ##......     21%         3    ###....
s - Conjure Flame         Conj/Fire      ###.....     12%         3    ###....


Dungeon Overview and Level Annotations

Branches:
Dungeon (5/27)
 Temple: D:4-7

Altars:
Fedhas


Innate Abilities, Weirdness & Mutations

Your natural rate of healing is unusually fast.
You can bottle blood from corpses.
You have razor-sharp teeth.*
You have supernaturally acute eyesight.
You can survive without breathing.*


Message History

You start bottling blood from the orc corpse.
You continue bottling blood from the corpse.
You finish bottling this corpse's blood.
A - 4 potions of blood (gained 1);
A - 5 potions of blood (gained 1)
A - 6 potions of blood (gained 1)
Items here: % ( )) [ 3 arrows; a rat skeleton; an orcish club; an orcish war axe an orcish leather armour You see here an iguana corpse.
Use which ability? (? or * to list)
You start bottling blood from the iguana corpse.
You continue bottling blood from the corpse.
You finish bottling this corpse's blood.
A - 7 potions of blood (gained 1)
The centaur wields a bow.
The centaur shoots an arrow.
The arrow hits you!
You see here an arrow.
The centaur shoots an arrow.
The arrow hits you!
* * * LOW HITPOINT WARNING * * *
The centaur shoots an arrow.
The arrow hits you!
You die...

.## #.#.# .. #.#.#
.. #$ #.#.# .#
#.##.##.#.##c#
##..........).##
........(....[..
..................
#......# #..#@###
#..#(#
##.####.(#.#
........)((#
##.##.##.### #o
#.# # #.. ... ##.#


You could see a centaur.

Vanquished Creatures
  Pikel (D:4)
  3 big kobolds (Sewer)
  A giant frog zombie (D:3)
  A centaur zombie (D:5)
  An iguana (D:5)
  An orc wizard (D:4)
  5 orc priests
  3 worker ants (D:4)
  Ijyb (D:3)
  10 adders
  A green rat (Sewer)
  2 giant mites (D:3)
  A worm (Sewer)
  2 grey rats (Sewer)
  5 giant geckos
  2 oozes
  14 orcs
  8 bats
  A bat skeleton (D:4)
  8 giant cockroaches
  14 goblins
  5 hobgoblins
  A quokka (D:4)
  4 ball pythons
  2 giant newts
  A goblin skeleton (D:4)
  18 kobolds
  A kobold skeleton (D:4)
  12 rats
129 creatures vanquished.

Vanquished Creatures (others)
  A scorpion (D:4)
  A giant eyeball (D:4)
  A kobold (D:4)
3 creatures vanquished.

Grand Total: 132 creatures vanquished

Notes
Turn   | Place    | Note
--------------------------------------------------------------
     0 | D:1      | PolkaDot, the Vampire Wizard, began the quest for the Orb.
     0 | D:1      | Reached XP level 1. HP: 11/11 MP: 6/6
   147 | D:1      | Reached skill level 1 in Conjurations
   471 | D:1      | Reached XP level 2. HP: 17/17 MP: 2/8
  1213 | D:1      | Reached XP level 3. HP: 22/22 MP: 8/10
  1736 | D:2      | Found a blossoming altar of Fedhas.
  2174 | D:2      | Reached XP level 4. HP: 28/28 MP: 12/12
  2811 | D:3      | Reached XP level 5. HP: 3/33 MP: 13/13
  2876 | D:3      | Reached skill level 4 in Conjurations
  2919 | D:3      | Learned a level 3 spell: Conjure Flame
  2923 | D:3      | Learned a level 3 spell: Mephitic Cloud
  2967 | D:3      | Found a glowing drain.
  2967 | D:3      | Noticed Ijyb
  3031 | D:3      | Killed Ijyb
  3107 | Sewer    | Entered a sewer
  3236 | Sewer    | Reached XP level 6. HP: 39/39 MP: 8/15
  3362 | Sewer    | Reached skill level 1 in Short Blades
  3947 | Sewer    | Reached skill level 5 in Conjurations
  4059 | D:3      | Reached XP level 7. HP: 44/44 MP: 12/17
  4279 | D:4      | Noticed Pikel
  4312 | D:4      | Killed Pikel
  4312 | D:4      | Reached skill level 6 in Conjurations
  4312 | D:4      | Reached XP level 8. HP: 50/50 MP: 8/18
  4494 | D:4      | Reached skill level 5 in Short Blades
  4920 | D:5      | Entered Level 5 of the Dungeon
  4992 | D:5      | Shot with an arrow by a centaur

Action                   |  1- 3 |  4- 6 |  7- 9 || total
-------------------------+-------+-------+-------++-------
Melee: Short sword       |    50 |   108 |       ||   158
       Dagger            |       |    35 |    97 ||   132
 Cast: Magic Dart        |    64 |   103 |    39 ||   206
       Mephitic Cloud    |       |     5 |     5 ||    10
       Conjure Flame     |       |     1 |     4 ||     5
 Abil: Evoke Berserk Rag |     1 |     2 |       ||     3
       Bottle Blood      |       |       |     5 ||     5
  Use: Potion            |       |    11 |     1 ||    12
       Scroll            |       |       |     2 ||     2
 Stab: Sleeping          |     5 |     4 |     5 ||    14
       Confused          |       |     6 |     3 ||     9
       Invisible         |       |     2 |       ||     2
